 Dungeon Sprint DCSS version 0.18.1-50-g88ac8fd (webtiles) character file.

475 Kagutsuchi the Fighter (level 6, -19/99 HPs)
             Began as a Draconian Berserker on Oct 21, 2016.
             Was an Elder of Trog.
             Demolished by a boulder beetle (34 damage)
             ... in the Dungeon (Sprint II: "The Violet Keep of Menkaure").
             The game lasted 00:02:18 (294 turns).

Kagutsuchi the Fighter (Draconian Berserker)         Turns: 294, Time: 00:02:18

Health: -19/99     AC:  6    Str: 25      XL:     6   Next: 84%
Magic:  6/6        EV: 16    Int:  6 (7)  God:    Trog [****..]
Gold:   729        SH:  0    Dex: 12      Spells: 0 memorised, 5 levels left

rFire  . . .     SeeInvis .     a - +0 falchion
rCold  . . .     Gourm    .     (armour unavailable)
rNeg   . . .     Faith    .     (no shield)
rPois  .         Spirit   .     (helmet restricted)
rElec  .         Dismiss  .     (no cloak)
rCorr  .         Reflect  .     (no gloves)
SustAt .         Harm     .     (no boots)
MR     .....     Rnd*Rage +     (no amulet)
Stlth  .......... NoTele   +    (no ring)
                                (no ring)

@: berserking (expiring), very quick, not resistant to hostile enchantments,
extremely unstealthy
A: unfitting armour, berserk 1, cold-blooded, AC +6
a: Berserk, Trog's Hand, Brothers in Arms, Burn Spellbooks, Renounce Religion


You were in the Dungeon.
You worshipped Trog.
Trog was greatly pleased with you.
You were not hungry.

You visited 1 branch You collected 729 gold pieces.

Inventory:

Hand Weapons
 a - a +0 falchion (weapon)
Scrolls
 h - a scroll of blinking
Potions
 c - a potion of curing
 d - a potion of heal wounds
 e - a potion of haste
 f - 2 potions of magic
 g - a potion of berserk rage


   Skills:
 + Level 9.8 Fighting
 + Level 9.0 Long Blades
 + Level 8.3 Dodging
 + Level 0.8 Stealth


You had 5 spell levels left.
You didn't know any spells.

Dungeon Overview and Level Annotations

Branches:
Dungeon (1/1)

Altars:

Annotations:
D exclusion: orange crystal statue


Innate Abilities, Weirdness & Mutations

Your plain brown scales are hard (AC +6).
Your body does not fit into most forms of armour.
You are cold-blooded and may be slowed by cold attacks.
You tend to lose your temper in combat.


Message History

* * * LOW HITPOINT WARNING * * *
You hit the boulder beetle.
The boulder beetle is severely wounded.
You slash the boulder beetle! You tail-slap the boulder beetle!
The boulder beetle is almost dead.
You hit the boulder beetle but do no damage.
You tail-slap the boulder beetle, but do no damage.
The boulder beetle is almost dead.
The boulder beetle bites you.
* * * LOW HITPOINT WARNING * * *
You hit the boulder beetle but do no damage.
Your tail-slap misses the boulder beetle.
The boulder beetle is almost dead.
You hit the boulder beetle.
The boulder beetle is almost dead.
You hit the boulder beetle but do no damage.
You tail-slap the boulder beetle, but do no damage.
The boulder beetle is almost dead.
The boulder beetle bites you!!
You die...

##+# ##..###
#..##.# #
##.#.#### ##.
##†###.#
#$.B##.##..##
#B@<.'##.+
#...##.##..##
##. ##'###.#
# ##.######
#.##..#
##...# ##+##
≈≈≈≈ '§#+++


You could see 2 boulder beetles.

Vanquished Creatures
  3 neqoxecs (D)
  4 worker ants (D)
  3 worms (D)
10 creatures vanquished.

Vanquished Creatures (others)
  Menkaure (D)
  A crocodile (D)
2 creatures vanquished.

Grand Total: 12 creatures vanquished

Notes
Turn   | Place    | Note
--------------------------------------------------------------
     0 | D        | Kagutsuchi the Draconian Berserker began the quest for the Orb.
     0 | D        | Reached XP level 1. HP: 19/19 MP: 1/1
     1 | D        | Noticed a worker ant
     1 | D        | Noticed a worker ant
     1 | D        | Noticed a worker ant
     1 | D        | Noticed a worker ant
     3 | D        | Killed a worker ant
     3 | D        | Reached skill level 5 in Fighting
     3 | D        | Reached XP level 2. HP: 29/29 MP: 2/2
     7 | D        | Reached ** piety under Trog
     7 | D        | Reached skill level 5 in Long Blades
     7 | D        | Reached XP level 3. HP: 37/37 MP: 3/3
    11 | D        | Reached XP level 4. HP: 44/44 MP: 4/4
    12 | D        | Reached skill level 5 in Dodging
    24 | D        | Killed Menkaure
    39 | D        | Killed a crocodile
   105 | D        | Reached *** piety under Trog
   148 | D        | Noticed a neqoxec
   149 | D        | Noticed a neqoxec
   156 | D        | Killed a neqoxec
   156 | D        | Reached XP level 5. HP: 39/53 MP: 5/5
   158 | D        | Noticed a neqoxec
   160 | D        | Killed a neqoxec
   160 | D        | Reached XP level 6. HP: 45/63 MP: 6/6
   160 | D        | Gained mutation: You tend to lose your temper in combat. [a neqoxec]
   167 | D        | Killed a neqoxec
   167 | D        | Reached **** piety under Trog
   221 | D        | Noticed an orange crystal statue
   278 | D        | Noticed a boulder beetle
   278 | D        | Noticed a boulder beetle
   294 | D        | Demolished by a boulder beetle

Skill      XL: |  1  2  3  4  5  6 |
---------------+-------------------+-----
Fighting       | 5 6 8 9 |  9.8
Long Blades    | 4 5 7 8 9 |  9.0
Dodging        | 4 6 7 8 |  8.3
Stealth        | |  0.8

Action                   |  1- 3 |  4- 6 || total
-------------------------+-------+-------++-------
Melee: Falchion          |     9 |    49 ||    58
       Tailslap          |     1 |    13 ||    14
Invok: Berserk           |     1 |     3 ||     4
  Eat: Bread ration      |       |     1 ||     1
Armor: Skin              |     1 |     1 ||     2
Dodge: Dodged            |     1 |    17 ||    18
